 Dungeon Crawl Stone Soup version 0.26.0-15-gc6cd9f700b (webtiles) character file.

Game seed: 3621623582219067818

51 trckry the Ruffian (level 3, 0/28 HPs)
             Began as a Draconian Transmuter on Jan 15, 2021.
             Slain by a scorpion (4 damage)
             ... on level 2 of the Dungeon.
             The game lasted 00:02:40 (1423 turns).

trckry the Ruffian (Draconian Transmuter)           Turns: 1423, Time: 00:02:40

Health: 0/28       AC:  5    Str: 12    XL:     3   Next: 58%
Magic:  6/6        EV: 12    Int: 14    God:
Gold:   60         SH:  0    Dex: 11    Spells: 5/6 levels left

rFire    x . .     SeeInvis .     - Unarmed
rCold    + . .     Faith    .   (no shield)
rNeg     . . .     Spirit   .   (armour unavailable)
rPois    .         Reflect  .   (helmet restricted)
rElec    .         Harm     .   (no cloak)
rCorr    .         Rampage  .   (no gloves)
Will     .....                  (no boots)
Stlth    +.........             (no amulet)
HPRegen  0.09/turn              c - ring of ice
MPRegen  0.10/turn              (no ring)

@: lethally poisoned (0 -> -28)
A: unfitting armour, cold-blooded, AC +5
a: no special abilities


You were on level 2 of the Dungeon.
You visited 1 branch of the dungeon, and saw 2 of its levels.

You collected 60 gold pieces.

Inventory:

Jewellery
 c - a ring of ice (left hand)
Scrolls
 d - a scroll of identify {unknown}
 e - a scroll of blinking {unknown}
 g - a scroll of fear {unknown}
Potions
 a - a potion of invisibility {unknown}
 b - a potion of heal wounds {unknown}
 f - a potion of curing {unknown}
 h - a potion of mutation {unknown}


   Skills:
 - Level 1.1 Fighting
 - Level 1.7 Dodging
 * Level 3.9 Unarmed Combat
 - Level 2.0 Spellcasting
 * Level 3.1 Transmutations


You had 5 spell levels left.
You knew the following spells:

 Your Spells              Type           Power        Failure   Level
a - Beastly Appendage     Tmut           20%          6%          1

Your spell library contained the following spells:

 Spells                   Type           Power        Failure   Level
 Wereblood                Tmut           10%          10%         2
 Spider Form              Tmut/Pois      2%           36%         3
 Ice Form                 Ice/Tmut       8%           77%         4
 Blade Hands              Tmut           5%           87%         5


Dungeon Overview and Level Annotations

Branches:
Dungeon (2/15)

Altars:


Innate Abilities, Weirdness & Mutations

Your plain brown scales are hard. (AC +5)
You cannot fit into any form of body armour.
You are cold-blooded and may be slowed by cold attacks.


Message History

You feel sick. The scorpion stings you.
You are lethally poisoned!
The scorpion poisons you!
You hit the scorpion but do no damage.
The scorpion is moderately wounded.
You feel sick. The scorpion stings you.
You are more poisoned.
The scorpion poisons you!
You closely miss the scorpion.
You claw the scorpion, but do no damage.
The scorpion is moderately wounded.
Your horns disappear.
Your talons disappear.
* * * LOW HITPOINT WARNING * * *
You feel very sick. The scorpion barely misses you.
You punch the scorpion!
The scorpion is severely wounded.
* * * LOW HITPOINT WARNING * * *
You feel sick. The scorpion stings you.
You die...

#.# .# .... #.. .. ....
#.####.# ..... #..$...#
# .... #..##..# #
...#...#..# # #.#.#†#..#
# #........#
#############.#.@..#
.....(........##s.......
################...#....
......# ....# #..
#####.# #..># . # #.#
##### # #.# # #.# # #.#


You could see a scorpion.

Vanquished Creatures
  3 adders (D:2)
  A dart slug (D:1)
  3 giant cockroaches
  3 goblins
  A hobgoblin (D:2)
  3 jackals (D:2)
  2 kobolds
  A ball python (D:1)
  A bat (D:2)
  2 frilled lizards (D:1)
  4 rats
24 creatures vanquished.

Notes
Turn   | Place    | Note
-------+----------+-------------------------------------------
     0 | D:1      | trckry the Draconian Transmuter began the quest for the
                  | Orb.
     0 | D:1      | Reached XP level 1. HP: 16/16 MP: 3/3
   345 | D:1      | Reached XP level 2. HP: 23/23 MP: 5/5
   889 | D:2      | Reached XP level 3. HP: 23/28 MP: 4/6
  1411 | D:2      | Noticed a scorpion
  1423 | D:2      | Slain by a scorpion

Illustrated notes

Levels and vault maps discovered:
D:1:      nicolae_arrival_memento_mori, layout_rooms, serial_forest,
          infiniplex_forest_lined_2, infiniplex_forest_straight_2,
          infiniplex_forest_lined_2, infiniplex_forest_3_way,
          infiniplex_forest_end_2, infiniplex_forest_end_2,
          infiniplex_forest_corner_1
D:2:      layout_basic

Skill      XL: |  1  2  3 |
---------------+----------+-----
Transmutations | 3 |  3.1
Fighting       | |  1.1
Dodging        | |  1.7
Unarmed Combat | |  3.9
Spellcasting   | |  2.0

Action                   || total
-------------------------++-------
Melee: Unarmed           ||   102
       Tailslap          ||    10
       Kick              ||     5
       Headbutt          ||     2
       Punch             ||     2
 Cast: Beastly Appendage ||     6
Armor: Skin              ||    23
Dodge: Dodged            ||    61
